Description

5:00 start of Reynor vs Inno on Wardi Spring Pre-Season 2020

Fast 4 roach/ravager agro on two hatch

Build Order

Get SALT Encoding   

  12  0:00  Drone  
  13  0:13  Overlord  
  13  0:17  Drone  
  14  0:30  Drone x2  
  16  0:40  Spawning Pool  
  15  0:44  Drone  
  16  0:47  Drone  
  17  1:07  Hatchery  
  16  1:10  Drone  
  17  1:16  Extractor  
  16  1:27  Zergling x6  
  19  1:33  Roach Warren  
  18  1:44  Queen  
  20  1:48  Drone  
  21  1:59  Overlord  
  21  2:22  Roach x4  
  29  2:32  Drone x2  
  31  2:42  Overlord  
  31  2:43  Drone x2  
  33  2:48  Ravager  
  35  2:52  Drone  
  36  3:01  Drone x2  
  38  3:05  Drone x2  
  38  3:13  Queen  
  39  3:15  Ravager  
  41  3:18  Drone x2  
  43  3:24  Overlord x2  
  43  3:43  Drone x2  
  45  3:48  Drone  
  46  3:53  Metabolic Boost  
  46  4:00  Hatchery  
  45  4:03  Drone  
  46  4:06  Drone x6  
  52  4:18  Queen  
  54  4:27  Drone x4  
  58  4:38  Overlord  
  58  4:40  Queen, Drone  
  61  4:42  Zergling x8  
  65  4:48  Overlord  
  65  4:57  Zergling x4  
  67  4:58  Lair  
  67  5:00  Spore Crawler x2  
Spawning Tool Build Advisor. Get it on Overwolf

Go to:

Details

  • Created by: KidPaddle
  • Published on: Apr 10, 2020
  • Modified on: Apr 10, 2020
  • Patch: 4.11.0
Show
View Real Time Build Order
Export as new Build Order

Comments (0)

There are no comments. Be the first!

Create an account to comment!